 Dungeon Crawl Stone Soup version 0.27.1-4-g1640c2035a (webtiles) character file.

Game seed: 14498858001663066681

69 croobank the Digger (level 4, -10/24 HPs)
             Began as a Gargoyle Earth Elementalist on Nov 16, 2021.
             Killed from afar by Terence (15 damage)
             ... with a puff of flame
             ... on level 2 of the Dungeon.
             The game lasted 00:10:33 (1284 turns).

croobank the Digger (Gargoyle Earth Elementalist)   Turns: 1284, Time: 00:10:34

Health: -10/24     AC:  8    Str: 12    XL:     4   Next: 20%
Magic:  4/7        EV: 11    Int: 16    God:
Gold:   81         SH:  0    Dex: 10    Spells: 5/7 levels left

rFire    x . .     SeeInvis .   e - +1 short sword
rCold    + + .     Faith    .   (no shield)
rNeg     + . .     Spirit   .   o - +2 leather armour {rC+}
rPois    ∞         Reflect  .   (no helmet)
rElec    +         Harm     .   (no cloak)
rCorr    .         Rampage  .   (no gloves)
Will     .....                  (no boots)
Stlth    ++........             h - amulet of regeneration
HPRegen  1.08/turn              n - ring of ice
MPRegen  0.10/turn              (no ring)

@: no status effects
A: sickness immunity, AC +3, negative energy resistance 1, electricity
resistance, torment resistance 1, petrification resistance
a: no special abilities


You were on level 2 of the Dungeon.
You visited 1 branch of the dungeon, and saw 3 of its levels.

You collected 81 gold pieces.

Inventory:

Hand Weapons
 d - a +0 dagger
 e - a +1 short sword (weapon)
 p - a +0 flail
Missiles
 c - 19 stones
 i - 43 bolts
Armour
 b - a +0 robe
 o - a +2 leather armour of cold resistance (worn)
 r - a scarf of repulsion
Jewellery
 h - an amulet of regeneration (around neck)
 k - an amulet of magic regeneration
 n - a ring of ice (left hand)
Scrolls
 j - 2 scrolls of teleportation
 q - 2 scrolls of noise
Potions
 a - a potion of haste {unknown}
 f - a potion of mutation {unknown}
 g - a potion of degeneration {unknown}
 l - a potion of lignification {unknown}
 m - a potion of curing {unknown}


   Skills:
 + Level 0.3 Fighting
 + Level 1.3 Short Blades
 + Level 0.2 Armour
 + Level 2.0 Dodging
 + Level 2.3 Stealth
 + Level 2.4 Spellcasting
 + Level 0.7 Transmutations
 * Level 4.4 Earth Magic


You had 5 spell levels left.
You knew the following spells:

 Your Spells              Type           Power      Damage    Failure   Level
a - Sandblast             Erth           32%        2d9       4%          1
b - Magic Dart            Conj           4%         1d3       26%         1

Your spell library contained the following spells:

 Spells                   Type           Power      Damage    Failure   Level
 Passwall                 Tmut/Erth      8%         N/A       13%         2
 Stone Arrow              Conj/Erth      18%        3d8       30%         3
 Call Imp                 Summ           1%         N/A       36%         2
 Mephitic Cloud           Conj/Pois/Air  1%         N/A       58%         3
 Petrify                  Tmut/Erth      10%        N/A       65%         4


Dungeon Overview and Level Annotations

Branches:
Dungeon (3/15)

Altars:

Shops:
D:2 *

Annotations:
D:2 Terence


Innate Abilities, Weirdness & Mutations

You are immune to sickness and miasma.
Your stone body is resilient. (AC +3)
You are immune to poison.
You resist negative energy. (rN+)
You are resistant to electric shocks. (rElec)
You are resistant to unholy torment.
You are immune to petrification.


Message History

Press: ? - help, v - describe, . - travel The floor.
Unknown command.
You hit the quokka zombie.
You destroy the quokka zombie!
The bat zombie closely misses you.
A ball python zombie comes into view.
The bat zombie hits you but does no damage.
You closely miss the bat zombie. The bat zombie closely misses you. x2
Aiming: Sandblast (safe; 4% risk of failure)
Press: ? - help, Q - select action, (/) - cycle Shift-Dir - straight line, f - Terence
Aim: Terence, wielding a +0 flail, wearing a +0 chain mail and carrying a wand of flame (16) (85% to hit)
The blast of sand hits Terence but does no damage.
Unknown command.
Aiming: Sandblast (safe; 4% risk of failure)
Press: ? - help, Q - select action, (/) - cycle Shift-Dir - straight line, f/p - Terence
Aim: Terence, wielding a +0 flail, wearing a +0 chain mail and carrying a wand of flame (16) (85% to hit)
The blast of sand hits Terence but does no damage.
Terence closely misses you.
You hit Terence but do no damage. Terence hits you with a +0 flail!
Aiming: Sandblast (safe; 4% risk of failure)
Press: ? - help, Q - select action, (/) - cycle Shift-Dir - straight line, f/p - Terence
Aim: Terence, wielding a +0 flail, wearing a +0 chain mail and carrying a wand of flame (16) (85% to hit)
The blast of sand hits Terence but does no damage.
Terence misses you.
You hit Terence.
Terence is moderately wounded.
Terence barely misses you.
You hit Terence but do no damage.
Terence is moderately wounded.
Terence closely misses you. Terence barely misses you.
You barely miss Terence.
Terence is moderately wounded.
A rat comes into view.
Terence zaps a wand.
The puff of flame hits you!! The fire burns you terribly!
Ouch! That really hurt!
* * * LOW HITPOINT WARNING * * *
Terence zaps a wand.
The puff of flame hits you! The fire burns you terribly!
Ouch! That really hurt!
You die... #......r..##.###.## #........ # ... ....... #... #.$... #... #.... ....
ZZ.

... ##@###
#....##..
#..@.##... ..
#....#
..##+###.
#....# #..#.#..
.
#....###..#.#.#
.
#.........#.#.#
.
#.............#
.
##'#..........#
.
#.#.....#....#
.
#.#.....#..###
.


You could see Terence, a bat zombie and a ball python zombie.

Vanquished Creatures
  A hound skeleton (D:3)
  2 worms
  2 dart slugs (D:1)
  An orc (D:3)
  A ball python (D:1)
  4 bats
  A bat skeleton (D:2)
  2 endoplasms (D:1)
  2 giant cockroaches (D:1)
  4 hobgoblins (D:1)
  3 jackals (D:1)
  3 quokkas (D:1)
  A ball python zombie (D:2)
  A frilled lizard (D:1)
  7 goblins
  4 kobolds (D:1)
  A quokka zombie (D:2)
  2 rats (D:1)
42 creatures vanquished.

Notes
Turn   | Place    | Note
-------+----------+-------------------------------------------
     0 | D:1      | croobank the Gargoyle Earth Elementalist began the quest
                  | for the Orb.
     0 | D:1      | Reached XP level 1. HP: 10/10 MP: 3/3
   179 | D:1      | Reached XP level 2. HP: 15/15 MP: 3/5
   229 | D:1      | Reached skill level 4 in Earth Magic
   461 | D:1      | Reached XP level 3. HP: 19/19 MP: 3/6
   569 | D:1      | Learned a level 1 spell: Magic Dart
   655 | D:1      | Reached skill level 1 in Short Blades
   975 | D:2      | Found Raczyuf's Assorted Antiques.
  1000 | D:2      | Noticed Terence
  1081 | D:3      | Found a faded altar of an unknown god.
  1199 | D:3      | Reached XP level 4. HP: 24/24 MP: 5/7
  1284 | D:2      | Killed from afar by Terence

Illustrated notes

Levels and vault maps discovered:
D:1:      heliophobic_arrival_enchanted_forest, layout_rooms, minmay_tromino_v7
D:2:      layout_basic, serial_shops, shop, serial_undead, serial_undead_c,
          serial_undead_d, serial_undead_f, serial_undead_b, uniq_terence
D:3:      layout_basic, xom_butterflies, lemuel_doored_altar,
          shapermc_ecumenical_altar_starsandcircs, serial_bayou_crossing,
          uniq_purgy

Skill      XL: |  1  2  3 |
---------------+----------+-----
Earth Magic    | 4 |  4.4
Dodging        | 2 |  2.0
Short Blades   | 1 |  1.3
Fighting       | |  0.3
Armour         | |  0.2
Stealth        | |  2.3
Spellcasting   | |  2.4
Transmutations | |  0.7

Action                   |  1- 3 |  4- 6 || total
-------------------------+-------+-------++-------
Melee: Dagger            |    11 |       ||    11
       Unarmed           |     1 |       ||     1
       Short sword       |    67 |    14 ||    81
 Cast: Sandblast         |    33 |     5 ||    38
  Use: Scroll            |     3 |       ||     3
 Stab: Sleeping          |     2 |       ||     2
       Distracted        |     1 |       ||     1
Armor: Robe              |    15 |       ||    15
       Leather armour    |     5 |     6 ||    11
Dodge: Dodged            |    62 |    16 ||    78
